cohdb
Replays
Latest Replays
All Replays
Popular Replays
Top Player Replays
Match Explorer
How It Works
Community
CoH3 Stats
Reddit
Sign in to upload your games and track your stats! →
Sign in with Steam
Match 41811809
Unlisted
Match 41811809
Overview
Messages
Build Orders
End
Pioneer Squad
Construct Infanterie Kompanie
Selects Terror Battlegroup
Selects Machine Gun Camouflage
MG 42 Machine Gun Team
MG 42 Machine Gun Team
Grenadier Squad
Selects Interrogate
Grenadier Squad
Infanterie Officer Quarters
Grenadier Squad
Construct Panzergrenadier Kompanie
251 Medium Carrier
Selects Defend the Fatherland
Pak 40 Anti-tank Gun Team
Construct Panzer Kompanie
Panzergrenadier Squad
Kitsuné
Dumais
n0_ok
hellofr13nd
0
0
Comments
sign in to comment!
No comments posted yet!